 Dungeon Crawl Stone Soup version 0.17-a0-1651-gae1a69f (webtiles) character file.

65 nuthulu the Chucker (level 3, -1/35 HPs)
             Began as a Troll Hunter on Aug 14, 2015.
             Slain by Robin
             ... wielding a +0 mace
              (6 damage)
             ... on level 2 of the Dungeon.
             The game lasted 00:04:16 (1423 turns).

nuthulu the Chucker (Troll Hunter)                  Turns: 1423, Time: 00:04:16

Health: -1/35      AC:  5    Str: 25    XL:     3   Next: 94%
Magic:  2/2        EV: 10    Int:  7    God:
Gold:   110        SH:  0    Dex: 11    Spells: 0 memorised, 2 levels left

rFire  . . .     SeeInvis .     j - +0 whip
rCold  . . .     Clarity  .     d - +0 robe
rNeg   . . .     SustAt   .     (no shield)
rPois  .         Gourm    +     (helmet restricted)
rElec  .         Spirit   .     (no cloak)
rCorr  .         Warding  .     (gloves unavailable)
rMut   .         Stasis   .     (boots unavailable)
MR     .....                    (no amulet)
Stlth  +.........               (no ring)
                                (no ring)

@: mighty, not resistant to hostile enchantments, very unstealthy
A: unfitting armour, claws 3, fast metabolism 3, gourmand, regeneration 2,
shaggy fur 1, tough skin 2
a: no special abilities


You were on level 2 of the Dungeon.
You were not hungry.

You visited 1 branch of the dungeon, and saw 2 of its levels.

You collected 110 gold pieces.

Inventory:

Hand weapons
 j - a +0 whip (weapon)
Missiles
 a - 8 large rocks (quivered)
 b - 2 throwing nets
Armour
 d - a +0 robe (worn)
Jewellery
 c - a +4 ring of intelligence {unknown}
Scrolls
 k - a scroll of teleportation
 l - a scroll of remove curse
Potions
 g - a potion of degeneration {unknown}
 h - 3 potions of curing
 i - a potion of heal wounds {unknown}
 m - a potion of cure mutation {unknown}
Comestibles
 e - 5 bread rations


   Skills:
 + Level 2.3 Fighting
 + Level 1.0 Maces & Flails
 + Level 4.1 Throwing
 + Level 2.0 Dodging
 - Level 0.4 Stealth
 - Level 0.2 Unarmed Combat


You had 2 spell levels left.
You didn't know any spells.

Dungeon Overview and Level Annotations

Branches:
Dungeon (2/15)

Altars:
Cheibriados
Zin

Annotations:
D:2 Robin


Innate Abilities, Weirdness & Mutations

You are too large for most types of armour.
You have claws for hands.
Your metabolism is lightning-fast.
You like to eat raw meat.
You heal very quickly.
You are covered in fur (AC +1).
You have very tough skin (AC +2).


Message History

The goblin goes into a battle-frenzy!
Robin hits you with a mace!
* * * LOW HITPOINT WARNING * * *
Drink which item? (? for menu, Esc to quit)
You feel very mighty all of a sudden. The goblin hits you with a club.
* * * LOW HITPOINT WARNING * * *
Robin hits you but does no damage.
You barely miss Robin. The goblin hits you but does no damage.
You whack Robin!
Robin is heavily wounded.
Robin barely misses you. The goblin hits you but does no damage.
Unknown command.
You hit Robin.
Robin is severely wounded.
Robin drinks a potion.
Robin is healed!
The goblin hits you but does no damage.
You closely miss Robin.
Robin is lightly wounded.
Robin hits you with a mace.
You die...

####### .....#
#.#.###### #........####
###.####....# #### #.#
####.# #.... #.# #.#
#.....####.### #.#
#..>.gg@gg...# #.#
#.....####.#..####.#####
#.... #..............
###. #.####.####.... #
..##.....##..##
#.#.......#..#
#.#.......#.##
......_)....#
..#.......#.#


You could see Robin, a hobgoblin and 2 goblins.

Vanquished Creatures
  2 adders (D:2)
  3 worms
  2 giant geckos (D:2)
  2 bats
  13 goblins
  3 hobgoblins
  A quokka (D:2)
  3 giant newts (D:1)
  5 jackals (D:2)
  6 kobolds
  2 rats (D:1)
42 creatures vanquished.

Notes
Turn   | Place    | Note
--------------------------------------------------------------
     0 | D:1      | nuthulu the Troll Hunter began the quest for the Orb.
     0 | D:1      | Reached XP level 1. HP: 19/19 MP: 0/0
   387 | D:1      | Reached XP level 2. HP: 28/28 MP: 1/1
   907 | D:2      | Reached skill level 4 in Throwing
   942 | D:2      | Reached XP level 3. HP: 23/35 MP: 2/2
  1207 | D:2      | Found a snail-covered altar of Cheibriados.
  1307 | D:2      | Found a glowing silver altar of Zin.
  1376 | D:2      | Noticed Robin
  1393 | D:2      | Reached skill level 1 in Maces & Flails
  1423 | D:2      | Slain by Robin

Vault maps used:
D:1:      dpeg_arrival_brainrot
D:2:      old_standard_altar, lemuel_doored_altar, cheibriados_altar_1,
          first_bread, patterned_corridor, uniq_robin, uniq_crazy_yiuf_cottage

Action                   || total
-------------------------++-------
Melee: Unarmed           ||    38
       Whip              ||   126
Throw: Large rock        ||     6
  Use: Scroll            ||     4
       Potion            ||     1
  Eat: Chunk             ||    11
